 Dungeon Crawl Stone Soup version 0.30.0-19-g36f170ea60 (webtiles) character file.

Game seed: 4862297245206756992

259 themarg the Firebug (level 6, -1/57 HPs)
             Began as a Gargoyle Cinder Acolyte on May 6, 2023.
             Was a High Priest of Ignis.
             Frozen to death by an endoplasm (5 damage)
             ... on level 4 of the Dungeon on May 30, 2023.
             The game lasted 00:10:32 (2881 turns).

themarg the Firebug (Gargoyle Cinder Acolyte)       Turns: 2881, Time: 00:10:33

Health: -1/57      AC: 23    Str: 18    XL:     6   Next: 17%
Magic:  9/9        EV:  2    Int: 16    God:    Ignis [*****.]
Gold:   140        SH:  0    Dex:  5    Spells: 7/9 levels left

rFire   + . .        (no weapon)
rCold   . . .        (no shield)
rNeg    + . .        b - melded +0 robe
rPois   ∞            (helmet currently unavailable)
rElec   .            (cloak currently unavailable)
rCorr   .            (gloves currently unavailable)
SInv    .            (boots currently unavailable)
Will    .....        (no amulet)
Stlth   +            (no ring)
HPRegen 0.29/turn    (no ring)
MPRegen 0.11/turn

%: no passive effects
@: tree-form, hasted, very quick
A: stationary, stasis, torment immunity, boosted hp, sickness immunity, AC +4,
negative energy resistance 1, (electricity resistance), torment resistance 1,
petrification resistance
a: Renounce Religion, Fiery Armour, Foxfire Swarm, Rising Flame


You were on level 4 of the Dungeon.
You worshipped Ignis.
Ignis was extremely pleased with you.
You were a tree.
You visited 1 branch of the dungeon, and saw 4 of its levels.

You collected 140 gold pieces.

Inventory:

Hand Weapons
 a - a -1 mace of flaming
 g - a +0 short sword of venom
Armour
 b - a +0 robe (melded)
Magical Staves
 n - a staff of air
Scrolls
 d - 3 scrolls of identify {unknown}
 e - a scroll of noise {unknown}
 f - 4 scrolls of teleportation {unknown}
 h - a scroll of vulnerability {unknown}
 k - a scroll of blinking {unknown}
 m - 3 scrolls of magic mapping {unknown}
 o - a scroll of enchant armour {unknown}
 p - a scroll of poison {unknown}
 q - a scroll of immolation {unknown}
Potions
 c - 2 potions of haste
 l - a potion of lignification


   Skills:
 - Level 4.0 Fighting
 - Level 3.0 Maces & Flails
 - Level 2.0 Spellcasting
 + Level 6.0 Fire Magic


You had 7 spell levels left.
You knew the following spells:

 Your Spells              Type           Power      Damage    Failure   Level
a - Scorch                Fire           40%        2d7       2%          2

Your spell library contained the following spells:

 Spells                   Type           Power      Damage    Failure   Level
 Leda's Liquefaction      Hex/Erth       0%         N/A       90%         4
 Lee's Rapid Deconstruct  Erth           0%         3d4*      99%         5
 Statue Form              Tmut/Erth      Unusable   N/A       N/A         6

Dungeon Overview and Level Annotations

Branches:
Dungeon (4/15)
 Temple: D:4-7

Altars:
Ashenzari


Innate Abilities, Weirdness & Mutations

You are a tree.
Your roots penetrate the ground, keeping you stationary.
You cannot be teleported.
You are immune to unholy pain and torment.
Your maximum health is greatly increased.
Your equipment is partially melded.
You are immune to sickness and miasma.
((Your stone body is resilient. (AC +4)))
You are immune to poison.
You resist negative energy. (rN+)
((You are resistant to electric shocks. (rElec)))
You are resistant to unholy torment.
You are immune to petrification.


Message History

You swing at nothing.
The adder bites you but does no damage. The orc hits you but does no damage.
You hear some strange, mumbled words.
A puff of flame appears from out of thin air!
The puff of flame hits you. You resist.
The endoplasm hits you but does no damage.
The orc priest invokes the aid of Beogh against you.
Beogh smites you!
* * * LOW HITPOINT WARNING * * *
Okay, then.
You hit the orc priest.
The orc priest is heavily wounded.
The adder bites you but does no damage.
You closely miss the adder. The orc hits you but does no damage.
The endoplasm hits you but does no damage.
Something hits you but does no damage.
The orc priest hits you but does no damage.
The adder bites you but does no damage.
You closely miss the adder.
You feel less confused. The orc hits you but does no damage.
The endoplasm hits you but does no damage.
The orc priest hits you but does no damage.
You hear some strange, mumbled words.
A puff of flame appears from out of thin air!
The puff of flame hits you but does no damage.
The adder bites you but does no damage.
You smack the orc priest!
You kill the orc priest!
Your Fire Magic skill increases to level 6!
You smack something!
The adder bites you but does no damage. The orc hits you but does no damage.
Something hits you but does no damage.
The endoplasm hits you but does no damage.
You closely miss something. The adder bites you but does no damage.
You smack something!
Reactivating autopickup.
You feel a bit more experienced. The orc hits you but does no damage.
The endoplasm freezes you.
You are frozen.
You die...

... #... .....
#...
###########...#
..........?.#
......o.)..#
..>...)♣.<.#
......S)J..#
..............#
..........##..?#
..........# ...#
########### ...$
###### ... ....#
..# #>. ###..


You could see an adder, an orc and an endoplasm.

Vanquished Creatures
  A jelly (D:3)
  An orc priest (D:4)
  Natasha (twice) (D:4)
  An iguana (D:3)
  An orc wizard (D:4)
  5 adders
  An ufetubus (D:4)
  2 worms
  2 dart slugs (D:2)
  3 orcs (D:4)
  7 ball pythons
  5 bats
  5 endoplasms
  2 giant cockroaches (D:1)
  5 goblins
  3 hobgoblins
  5 quokkas
  7 frilled lizards
  8 kobolds
  5 rats
71 creatures vanquished.

Notes
Turn   | Place    | Note
-------+----------+-------------------------------------------
     0 | D:1      | themarg the Gargoyle Cinder Acolyte began the quest for the
                  | Orb.
     0 | D:1      | Reached XP level 1. HP: 14/14 MP: 2/2
   115 | D:1      | Reached XP level 2. HP: 18/19 MP: 3/3
   118 | D:1      | Learned a level 2 spell: Scorch
   482 | D:1      | Reached XP level 3. HP: 20/24 MP: 1/4
   613 | D:1      | Upgraded the game from 0.30.0 to 0.30.0-19-g36f170ea60
   672 | D:2      | Found a faded altar of an unknown god.
  1337 | D:2      | Found a broken altar of Ashenzari.
  1446 | D:3      | Reached XP level 4. HP: 29/29 MP: 3/6
  1711 | D:3      | Reached skill level 4 in Fire Magic
  1908 | D:3      | Reached XP level 5. HP: 33/33 MP: 3/8
  2570 | D:4      | Noticed Natasha
  2576 | D:4      | Killed Natasha
  2577 | D:4      | Reached skill level 5 in Fire Magic
  2594 | D:4      | Noticed Natasha
  2670 | D:4      | Killed Natasha
  2736 | D:4      | Noticed an ogre
  2847 | D:4      | HP: 2/49 [orc/+0 whip (4)]
  2851 | D:4      | Reached XP level 6. HP: 11/38 MP: 9/9
  2869 | D:4      | HP: 2/57 [frozen (3)]
  2879 | D:4      | Reached skill level 6 in Fire Magic
  2881 | D:4      | Frozen to death by an endoplasm

Illustrated notes

Levels and vault maps discovered:
D:1:      dpeg_arrival_castle, layout_basic
D:2:      layout_basic, shapermc_ecumenical_altar_acropolis, basic_altar,
          minmay_misc_feat_plants
D:3:      layout_loops_ring
D:4:      layout_rooms, minmay_temple_entry_stoned_glass, uniq_natasha

Skill      XL: |  1  2  3  4  5  6 |
---------------+-------------------+-----
Fighting       | 4 |  4.0
Spellcasting   | 2 |  2.0
Fire Magic     | 4 5 6 |  6.0
Maces & Flails | |  3.0

Action                     |  1- 3 |  4- 6 || total
---------------------------+-------+-------++-------
  Melee: Mace              |    42 |       ||    42
         Short sword       |    24 |    18 ||    42
         Unarmed           |       |    24 ||    24
   Cast: Scorch            |    27 |    33 ||    60
 Invoke: Fiery Armour      |     1 |       ||     1
    Use: Potion            |       |     6 ||     6
 Armour: Robe              |    29 |    12 ||    41
         Skin              |       |    92 ||    92
  Dodge: Dodged            |    47 |    44 ||    91
